 Dungeon Crawl Stone Soup version 0.26-b1-32-g5d43845318 (webtiles) character file.

Game seed: 8563766251219397299

178 inmateoo the Ruffian (level 5, -2/46 HPs)
             Began as a Ghoul Monk on Jan 13, 2021.
             Slain by a gnoll
             ... wielding a +0 halberd
              (7 damage)
             ... on level 3 of the Dungeon.
             The game lasted 00:01:46 (1637 turns).

inmateoo the Ruffian (Ghoul Monk)                   Turns: 1637, Time: 00:01:47

Health: -2/46      AC:  6    Str: 16    XL:     5   Next: 58%
Magic:  4/4        EV: 10    Int:  5    God:
Gold:   100        SH:  0    Dex: 11    Spells: 4/4 levels left

rFire    . . .     SeeInvis .     - Unarmed
rCold    + . .     Faith    .   (no shield)
rNeg     + + +     Spirit   .   f - +0 scale mail
rPois    ∞         Reflect  .   (no helmet)
rElec    .         Harm     .   (no cloak)
rCorr    .         Rampage  .   (no gloves)
Will     .....                  (no boots)
Stlth    ..........             m - amulet of regeneration
HPRegen  0.00/turn              (no ring)
MPRegen  0.09/turn              (no ring)

@: no status effects
A: claws 1, cold resistance 1, negative energy resistance 3, inhibited
regeneration, torment resistance, unbreathing
a: no special abilities


You were on level 3 of the Dungeon.
You visited 1 branch of the dungeon, and saw 3 of its levels.

You collected 100 gold pieces.

Inventory:

Missiles
 p - 3 poisoned darts (quivered)
Armour
 f - a +0 scale mail (worn)
Jewellery
 m - an amulet of regeneration (around neck)
Scrolls
 b - 2 scrolls of enchant weapon {unknown}
 d - a scroll of remove curse {unknown}
 g - a scroll of enchant armour {unknown}
 h - 2 scrolls of immolation {unknown}
 i - a scroll of fog {unknown}
 n - a scroll of identify {unknown}
Potions
 a - a potion of degeneration {unknown}
 c - 2 potions of heal wounds {unknown}
 e - a potion of berserk rage {unknown}
 j - a potion of invisibility {unknown}
 k - a potion of resistance {unknown}
 l - a potion of ambrosia {unknown}
 o - a potion of lignification {unknown}


   Skills:
 + Level 4.1 Fighting
 + Level 1.8 Armour
 + Level 3.4 Dodging
 - Level 2.1 Stealth
 * Level 4.9 Unarmed Combat


You had 4 spell levels left.
You didn't know any spells.
Your spell library was empty.

Dungeon Overview and Level Annotations

Branches:
Dungeon (3/15)

Altars:
Qazlal
The Shining One


Innate Abilities, Weirdness & Mutations

You thrive by killing the living.
You are immune to poison.
You have sharp fingernails.
Your flesh is cold resistant. (rC+)
You are immune to negative energy. (rN+++)
You do not regenerate when monsters are visible.
You are immune to unholy pain and torment.
You can survive without breathing.


Message History

You scratch the gnoll.
The gnoll is almost dead.
The gnoll barely misses you.
You barely miss the gnoll.
The gnoll is almost dead.
The gnoll hits you from afar with a +0 halberd!
The dart slug bites you but does no damage.
The gnoll hits you but does no damage.
A hobgoblin comes into view. It is wielding a +0 club.
The gnoll barely misses you.
Found a ring mail.
The gnoll hits you from afar with a +0 halberd!
* * * LOW HITPOINT WARNING * * *
The dart slug bites you but does no damage.
The gnoll hits you from afar with a +0 spear!
* * * LOW HITPOINT WARNING * * *
There is a stone staircase leading up here.
The gnoll misses you.
The gnoll hits you from afar with a +0 halberd!
You die...

.... ##........
.J..####.........
.
................
.. ....
.......... ...
#..##........
....#.......g#..#
[..(....##(.....#
.###...gw...###.#
.......g.@(##
.........###
.........#
.#.#.$..##
#....... #..###..
...# ... ..# .#g.


You could see 3 gnolls, an ooze (wandering) and a dart slug.

Vanquished Creatures
  A bullfrog skeleton (D:2)
  8 gnolls
  3 adders (D:2)
  A worm (D:2)
  3 dart slugs (D:1)
  A leopard gecko (D:2)
  3 ball pythons
  4 bats
  3 giant cockroaches
  A hobgoblin (D:1)
  3 jackals
  4 kobolds
  A quokka (D:2)
  4 frilled lizards
  3 goblins
  3 rats
46 creatures vanquished.

Notes
Turn   | Place    | Note
-------+----------+-------------------------------------------
     0 | D:1      | inmateoo the Ghoul Monk began the quest for the Orb.
     0 | D:1      | Reached XP level 1. HP: 19/19 MP: 0/0
    54 | D:1      | Reached XP level 2. HP: 7/26 MP: 1/1
   535 | D:1      | Reached XP level 3. HP: 29/31 MP: 2/2
   607 | D:1      | Reached skill level 1 in Armour
   911 | D:2      | Found a glowing golden altar of the Shining One.
   951 | D:2      | Reached XP level 4. HP: 33/40 MP: 3/3
  1291 | D:2      | Found a stormy altar of Qazlal.
  1291 | D:2      | Noticed an air elemental
  1292 | D:2      | Noticed a fire elemental
  1292 | D:2      | Noticed an earth elemental
  1292 | D:2      | Noticed a water elemental
  1345 | D:2      | Reached XP level 5. HP: 32/46 MP: 4/4
  1637 | D:3      | Slain by a gnoll

Illustrated notes

Levels and vault maps discovered:
D:1:      zelgadis_glass_arrival_small, layout_rooms, minmay_tromino_v4_a
D:2:      layout_rooms, tso_metal_star, nicolae_qazlal_style_of_elements,
          hex_large
D:3:      layout_rooms, minitemple, uniq_crazy_yiuf_cottage, uniq_grinder

Skill      XL: |  1  2  3  4 |
---------------+-------------+-----
Dodging        | 3 |  3.4
Armour         | 1 |  1.8
Unarmed Combat | 4 |  4.9
Fighting       | 4 |  4.1
Stealth        | |  2.1

Action                   |  1- 3 |  4- 6 || total
-------------------------+-------+-------++-------
Melee: Unarmed           |    76 |    70 ||   146
       Punch             |       |     2 ||     2
 Stab: Sleeping          |     1 |       ||     1
Armor: Robe              |    10 |       ||    10
       Scale mail        |    24 |    40 ||    64
Dodge: Dodged            |    40 |    58 ||    98
